 Dungeon Crawl Stone Soup version 0.26-a0-278-g3b0d5afba5 (webtiles) character file.

Game seed: 11606838642498315717

14861 AvylaarBelgium the Thaumaturge (level 11, -13/54 HPs)
             Began as a Deep Elf Air Elementalist on July 12, 2020.
             Was an Elder of Vehumet.
             Mangled by a merfolk
             ... wielding a +0 trident
              (17 damage)
             ... on level 3 of the Lair of Beasts.
             The game lasted 00:45:39 (12136 turns).

AvylaarBelgium the Thaumaturge (DEAE)              Turns: 12136, Time: 00:45:39

Health: -13/54     AC: 15    Str:  5    XL:     11   Next: 94%
Magic:  9/30       EV: 19    Int: 24    God:    Vehumet [****..]
Gold:   707        SH:  7    Dex: 15    Spells: 2/36 levels left

rFire    + + .     SeeInvis .   W - +8 lance "Wyrmbane" {slay drac, rPois rF+ rC+ AC+3}
rCold    + . .     Faith    .   I - +2 buckler {reflect}
rNeg     . . .     Spirit   .   z - +3 leather armour {rF+}
rPois    +         Reflect  +   v - +0 helmet
rElec    +         Harm     .   q - scarf {+Inv}
rCorr    .                      E - +0 pair of gloves
MR       +....                  (no boots)
Stlth    +.........             A - amulet of the Air {Inacc +Fly rElec EV+5 RMsl}
HPRegen  0.18/turn              G - +4 ring of protection
MPRegen  0.22/turn              D - ring of poison resistance

@: swift, repel missiles, very slow
A: no striking features
a: Renounce Religion, Evoke Invisibility, Evoke Flight


You were on level 3 of the Lair of Beasts.
You worshipped Vehumet.
Vehumet was greatly pleased with you.
You visited 3 branches of the dungeon, and saw 14 of its levels.

You collected 707 gold pieces.

Inventory:

Hand Weapons
 W - the +8 lance "Wyrmbane" (weapon) {slay drac, rPois rF+ rC+ AC+3}
   (You found it on level 1 of the Lair of Beasts)

   It affects your AC (+3).
   It protects you from fire.
   It protects you from cold.
   It protects you from poison.
Missiles
 y - 5 javelins
 N - 41 poisoned darts (quivered)
 R - 4 atropa-tipped darts
 S - a throwing net
Armour
 q - a scarf of invisibility (worn)
 v - a +0 helmet (worn)
 z - a +3 leather armour of fire resistance (worn)
 E - a +0 pair of gloves (worn)
 I - a +2 buckler of reflection (worn)
 L - a +1 ring mail of fire resistance
Jewellery
 g - an uncursed ring of flight
 m - an uncursed ring of positive energy
 t - a +4 ring of evasion
 A - the amulet of the Air (around neck) {Inacc +Fly rElec EV+5 RMsl}
   (You found it on level 4 of the Dungeon)

   [amulet of inaccuracy]

   It reduces the accuracy of all your attacks.
   It affects your evasion (+5).
   It insulates you from electricity.
   It lets you fly.
   It protects you from missiles.
 B - an uncursed amulet of reflection
 D - a ring of poison resistance (right hand)
 G - a +4 ring of protection (left hand)
 H - an uncursed ring of magical power {unknown}
 U - an uncursed ring of magical power {unknown}
 Y - a +4 ring of protection
Wands
 h - a wand of flame (10)
 x - a wand of polymorph (6)
 C - a wand of disintegration (45)
 J - a wand of clouds (6)
 M - a wand of iceblast (9)
 O - a wand of acid (10)
Scrolls
 a - 2 scrolls of random uselessness {unknown}
 b - 7 scrolls of remove curse
 c - 3 scrolls of fear
 d - 2 scrolls of teleportation
 e - 2 scrolls of blinking {unknown}
 i - 2 scrolls of magic mapping {unknown}
 u - 3 scrolls of enchant armour
 F - 5 scrolls of amnesia
 K - 2 scrolls of immolation {unknown}
 P - a scroll of torment
 Q - 5 scrolls of enchant weapon
 Z - a scroll of identify
Potions
 f - 3 potions of lignification
 j - 3 potions of heal wounds
 k - 2 potions of brilliance
 l - 4 potions of might
 n - a potion of magic
 o - 2 potions of haste
 p - 2 potions of ambrosia
 r - a potion of stabbing
 s - 10 potions of curing {unknown}
 w - a potion of flight
 T - a potion of resistance
 V - 2 potions of berserk rage
Miscellaneous
 X - a lightning rod (4/4)


   Skills:
 - Level 6.2 Dodging
 - Level 2.4 Stealth
 - Level 4.0 Shields
 - Level 13.3 Spellcasting
 + Level 11.3 Conjurations
 * Level 4.2 Summonings
 - Level 10.5 Air Magic


You had 2 spell levels left.
You knew the following spells:

 Your Spells              Type           Power        Failure   Level
a - Shock                 Conj/Air       ####         1%          1
b - Swiftness             Chrm/Air       #####...     1%          2
c - Static Discharge      Conj/Air       ######..     1%          3
d - Airstrike             Air            ######....   1%          4
e - Lightning Bolt        Conj/Air       ######....   1%          5
f - Frozen Ramparts       Ice            ###...       5%          3
g - Mephitic Cloud        Conj/Pois/Air  ######..     1%          3
h - Conjure Ball Lightni  Conj/Air       ######....   3%          6
i - Spellforged Servitor  Conj/Summ      ######....   45%         7

Your spell library contained the following spells:

 Spells                   Type           Power        Failure   Level
 Iskenderun's Battlesphe  Conj/Chrm      #####...     4%          5
 Bolt of Magma            Conj/Fire/Erth ####......   11%         5
 Orb of Destruction       Conj           ######....   13%         7
 Iron Shot                Conj/Erth      #####.....   24%         6


Dungeon Overview and Level Annotations

Branches:
Dungeon (10/15)            Temple (1/1) D:4            Lair (3/6) D:9
 Shoals (0/4) Lair:3       Spider (0/4) Lair:3
    Orc: D:9-12

Altars:
Ashenzari
Dithmenos
Elyvilon
Fedhas
Gozag
Hepliaklqana
Kikubaaqudgha
Makhleb
Nemelex Xobeh
Okawaru
Qazlal
Ru
Sif Muna
Trog
Vehumet
Wu Jian
Xom
Yredelemnul
Zin
The Shining One

Annotations:
D:2 Sigmund
D:10 Josephine
Lair:1 exclusion: downstairs


Message History

The blast of lightning engulfs the merfolk!!
You kill the merfolk!
Vehumet accepts your kill.
You feel your power returning.
You hear a splash.
The merfolk throws a boomerang.
The boomerang hits you.
The weapon returns to the merfolk!
The merfolk hits you from afar with a +0 trident!!
* * * LOW HITPOINT WARNING * * *
As you read the scroll of fear, it crumbles to dust.
You assume a fearsome visage.
The merfolk looks frightened!
Your ball lightning is unaffected.
Your ball lightning explodes!
The blast of lightning engulfs you but does no damage.
You resist.
The blast of lightning engulfs the merfolk!
The merfolk is heavily wounded.
Your attack snaps the merfolk out of its fear.
The merfolk hits you from afar with a +0 trident!
You die...

#)....#.##.###....### .## #......
#.....##..........# .. #...###
#........†..##....## ... #...#
'.....##.....'.....# .####...P#
#.....P#+##.##....#########....##
#......#..###.....###P###.#...##.
#............#######.............
..........####m≈≈≈≈###'..........
..........#≈≈≈#≈@≈#≈≈≈#..........
..........#≈(≈#≈≈≈#≈≈≈#..........
....#P#...#≈≈m#####≈≈≈#.#........
...####...####'≈≈≈#####..#.......
#..###......#≈≈≈>m≈≈#....#.......
#..##P....#####≈≈≈'####..#.....P#
#..#P.....# #####)≈≈#.......###
...###....# ((#.##.......
....##....# ≈#.##....##.


You could see a merfolk.

Vanquished Creatures
  A two-headed ogre (D:10)
  2 death yaks (Lair:2)
  Urug (D:10)
  Pikel (D:4)
  A merfolk siren (Lair:3)
  4 cane toads
  3 komodo dragons
  Maggie (D:10)
  A merfolk (Lair:3)
  Grinder (D:4)
  3 hippogriffs
  A wyvern (D:9)
  4 water moccasins
  2 porcupines
  4 orc warriors
  4 sky beasts
  4 ogres
  6 phantoms
  17 wolves
  6 centaurs
  15 crocodiles
  2 lemures (D:4)
  A big kobold (D:9)
  A wyvern zombie (D:7)
  9 bullfrogs
  2 scorpions
  A water moccasin skeleton (D:6)
  3 howler monkeys
  4 electric eels
  3 centaur zombies
  A bullfrog zombie (D:3)
  8 hounds
  A jelly (D:6)
  3 bullfrog skeletons
  6 orc priests
  11 orc wizards
  Ijyb (D:4)
  2 centaur skeletons (D:6)
  4 iguanas
  7 worker ants
  Robin (D:3)
  A howler monkey zombie (D:9)
  7 gnolls
  11 adders
  3 shadow imps
  4 white imps
  2 ufetubi
  2 oozes
  An adder zombie (D:9)
  An adder skeleton (D:8)
  3 worms
  12 dart slugs
  15 leopard geckos
  26 orcs
  2 ball pythons (D:2)
  6 giant cockroaches
  11 goblins
  9 hobgoblins
  2 jackals (D:1)
  14 kobolds
  6 quokkas
  5 bats
  10 frilled lizards
  A quokka zombie (D:6)
  7 rats
314 creatures vanquished.

Vanquished Creatures (others)
  8 ball lightnings
  2 fungi
  A plant (Lair:2)
11 creatures vanquished.

Grand Total: 325 creatures vanquished

Notes
Turn   | Place    | Note
-------+----------+-------------------------------------------
     0 | D:1      | AvylaarBelgium the Deep Elf Air Elementalist began the
                  | quest for the Orb.
     0 | D:1      | Reached XP level 1. HP: 10/10 MP: 6/6
   131 | D:1      | Reached XP level 2. HP: 15/15 MP: 1/8
   469 | D:1      | Reached XP level 3. HP: 19/19 MP: 6/10
   741 | D:2      | Learned a level 2 spell: Swiftness
   745 | D:2      | Learned a level 3 spell: Static Discharge
   766 | D:2      | Found a stormy altar of Qazlal.
   805 | D:2      | Reached skill level 4 in Spellcasting
   862 | D:2      | Reached XP level 4. HP: 20/24 MP: 0/12
  1038 | D:2      | Found a white marble altar of Elyvilon.
  1160 | D:2      | Noticed Sigmund
  1592 | D:3      | Reached XP level 5. HP: 22/28 MP: 4/14
  1657 | D:3      | Noticed Robin
  1690 | D:3      | Killed Robin
  1957 | D:3      | Found a shimmering blue altar of Sif Muna.
  2329 | D:4      | Reached skill level 5 in Spellcasting
  2333 | D:4      | Noticed Pikel
  2334 | D:4      | Noticed a lemure
  2336 | D:4      | Noticed a lemure
  2340 | D:4      | Noticed a lemure
  2342 | D:4      | Noticed a lemure
  2374 | D:4      | Killed a lemure
  2488 | D:4      | Found a staircase to the Ecumenical Temple.
  2489 | D:4      | Noticed a phantom
  2497 | Temple   | Entered the Ecumenical Temple
  2606 | Temple   | Became a worshipper of Vehumet
  2763 | D:4      | Killed a phantom
  2763 | D:4      | Reached XP level 6. HP: 11/32 MP: 5/16
  2788 | D:4      | Noticed Grinder
  2807 | D:5      | Entered Level 5 of the Dungeon
  2835 | D:4      | Learned a level 4 spell: Airstrike
  3003 | D:4      | Paralysed by Grinder for 6 turns
  3009 | D:4      | Killed Grinder
  3009 | D:4      | Reached skill level 6 in Spellcasting
  3009 | D:4      | Reached skill level 5 in Air Magic
  3009 | D:4      | Reached XP level 7. HP: 20/36 MP: 8/18
  3057 | D:4      | Reached skill level 5 in Conjurations
  3179 | D:4      | Killed Pikel
  3179 | D:4      | Reached skill level 7 in Spellcasting
  3179 | D:4      | Reached XP level 8. HP: 28/41 MP: 2/21
  3226 | D:4      | Noticed Ijyb
  3247 | D:4      | Killed Ijyb
  3288 | D:4      | Reached skill level 8 in Spellcasting
  3421 | D:4      | Found the amulet of the Air {Inacc +Fly rElec EV+5 RMsl}
  3814 | D:5      | Reached * piety under Vehumet
  3814 | D:5      | Offered knowledge of Sandblast by Vehumet.
  4049 | D:5      | Reached skill level 1 in Shields
  4692 | D:6      | Offered knowledge of Foxfire by Vehumet.
  4702 | D:6      | Learned a level 5 spell: Lightning Bolt
  4735 | D:6      | Reached ** piety under Vehumet
  4737 | D:6      | Found a basalt altar of Yredelemnul.
  4741 | D:6      | Reached skill level 9 in Spellcasting
  4908 | D:6      | Reached XP level 9. HP: 45/45 MP: 19/24
  4914 | D:6      | Found a shimmering altar of Xom.
  5495 | D:7      | Found a hazy altar of Hepliaklqana.
  5873 | D:7      | Offered knowledge of Inner Flame by Vehumet.
  6266 | D:8      | Reached skill level 10 in Spellcasting
  6284 | D:8      | Reached *** piety under Vehumet
  6800 | D:8      | Reached XP level 10. HP: 50/50 MP: 8/26
  6880 | D:9      | Found a burning altar of Makhleb.
  7082 | D:9      | Offered knowledge of Frozen Ramparts by Vehumet.
  7340 | D:9      | Reached skill level 11 in Spellcasting
  7729 | D:9      | Found a staircase to the Lair.
  7802 | D:9      | Reached **** piety under Vehumet
  7919 | D:9      | Learned a level 3 spell: Frozen Ramparts
  8044 | D:10     | Entered Level 10 of the Dungeon
  8085 | D:10     | Noticed a two-headed ogre
  8090 | D:10     | Identified the +7 hand axe of Qoergh {freeze, rPois}
  8204 | Lair:1   | Entered Level 1 of the Lair of Beasts
  8208 | Lair:1   | Offered knowledge of Mephitic Cloud by Vehumet.
  8213 | Lair:1   | Learned a level 3 spell: Mephitic Cloud
  8367 | Lair:1   | Noticed a cane toad
  8371 | Lair:1   | Killed a cane toad
  8395 | Lair:1   | Found the +8 lance "Wyrmbane" {slay drac, rPois rF+ rC+
                  | AC+3}
  8494 | Lair:1   | Noticed a cane toad
  8497 | Lair:1   | Killed a cane toad
  8497 | Lair:1   | Reached skill level 12 in Spellcasting
  8497 | Lair:1   | Reached skill level 10 in Conjurations
  8815 | Lair:1   | Noticed a cane toad
  8819 | Lair:1   | Killed a cane toad
  9364 | D:10     | Killed a two-headed ogre
  9364 | D:10     | Reached skill level 10 in Air Magic
  9364 | D:10     | Reached XP level 11. HP: 31/54 MP: 13/29
  9532 | D:10     | Noticed Urug
  9538 | D:10     | Killed Urug
  9565 | D:10     | Noticed Maggie
  9667 | D:10     | Killed Maggie
  9669 | D:10     | Noticed Josephine
  9802 | Lair:2   | Noticed a death yak
  9803 | Lair:2   | Noticed a death yak
  9805 | Lair:2   | Noticed a death yak
  9805 | Lair:2   | Noticed a death yak
 10339 | Lair:2   | Reached skill level 5 in Dodging
 10897 | Lair:2   | Reached skill level 13 in Spellcasting
 10966 | Lair:2   | Reached ***** piety under Vehumet
 11021 | Lair:2   | Offered knowledge of Conjure Ball Lightning by Vehumet.
 11029 | Lair:2   | Learned a level 6 spell: Conjure Ball Lightning
 11037 | Lair:2   | Learned a level 7 spell: Spellforged Servitor
 11221 | Lair:2   | Killed a death yak
 11229 | Lair:2   | Killed a death yak
 11574 | Lair:3   | Found a hole to the Spider Nest.
 11877 | Lair:3   | Noticed a nameless horror
 12105 | Lair:3   | Found a staircase to the Shoals.
 12136 | Lair:3   | Mangled by a merfolk

Illustrated notes

Levels and vault maps discovered:
D:1:      minmay_arrival_nine_rooms, layout_rooms
D:2:      layout_basic, elyvilon_altar_4, grunt_qazlal_clouds, uniq_sigmund
D:3:      layout_basic, nicolae_overflow_crystal_walls, uniq_robin
D:4:      layout_basic, minmay_temple_entry_statues_fountains, uniq_ijyb,
          uniq_pikel, uniq_grinder
D:5:      kennysheep_slugbush, layout_rooms
D:6:      layout_basic, tgw_xom, yredelemnul_altar_generic, zaba_anthole
D:7:      layout_gridville, overflow_temple_1_default,
          minmay_misc_feat_secret_circle
D:8:      layout_loops_ring
D:9:      layout_roguey, lair_entry_dummy, basic_altar,
          minmay_large_rounded_square, minmay_fractal_squares_diagonal_5
D:10:     layout_loops_ring, evilmike_butchery, uniq_maggie, uniq_urug,
          uniq_josephine
Temple:   minmay_crystal_spiral_temple
Lair:1:   layout_cave_pods, grunt_megastairs_4
Lair:2:   lemuel_reptile_caves, layout_regular_city,
          grunt_forest_large_clearings, infiniplex_staircase_pool_2
Lair:3:   layout_regular_city, elwin_shoals_entry_rooms, dummy_spider_entry,
          minmay_stone_trees_small

Skill      XL: |  1  2  3  4  5  6  7  8  9 10 11 |
---------------+----------------------------------+-----
Conjurations   | 2 3 4 6 7 8 10 11 | 11.3
Spellcasting   | 4 5 6 7 9 10 12 13 | 13.3
Air Magic      | 4 5 6 7 8 10 | 10.5
Shields        | 2 4 |  4.0
Dodging        | 6 |  6.2
Summonings     | 4 |  4.2
Stealth        | |  2.4

Action                   |  1- 3 |  4- 6 |  7- 9 | 10-12 || total
-------------------------+-------+-------+-------+-------++-------
Melee: Short sword       |     8 |    16 |       |       ||    24
       Unarmed           |     3 |       |       |       ||     3
       Whip              |       |       |    63 |    10 ||    73
       Lance             |       |       |       |    50 ||    50
 Cast: Shock             |    71 |   115 |   238 |    79 ||   503
       Static Discharge  |       |     8 |    49 |    65 ||   122
       Airstrike         |       |       |    39 |   126 ||   165
       Swiftness         |       |       |       |     4 ||     4
       Frozen Ramparts   |       |       |       |    12 ||    12
       Mephitic Cloud    |       |       |       |     3 ||     3
       Conjure Ball Ligh |       |       |       |     3 ||     3
       Lightning Bolt    |       |       |       |     1 ||     1
 Abil: Evoke Flight      |       |       |     1 |       ||     1
Evoke: Wand              |       |       |       |     4 ||     4
  Use: Scroll            |       |     3 |    11 |     8 ||    22
Armor: Robe              |     3 |     3 |     2 |       ||     8
       Leather armour    |       |       |    35 |    43 ||    78
Dodge: Dodged            |    23 |    40 |   102 |   156 ||   321
       Repelled          |       |       |     3 |     6 ||     9
Block: Buckler           |       |       |    31 |    66 ||    97
       Reflection        |       |       |     2 |     5 ||     7

Table legend:
 A = Non-vault XP
 B = Vault XP
 C = Vault XP percentage of total XP
 D = Non-vault monster count
 E = Vault monster count
 F = Vault count percentage of total count
                 A         B        C        D         E       F
            +---------+---------+-------+---------+---------+-------
      Total |   13693 |    7537 |  35.5 |     222 |      90 |  28.8
            +---------+---------+-------+---------+---------+-------
        D:1 |      41 |       0 |   0.0 |      16 |       0 |   0.0
        D:2 |      79 |       0 |   0.0 |      23 |       0 |   0.0
        D:3 |     101 |      36 |  26.3 |      18 |      11 |  37.9
        D:4 |     537 |     983 |  64.7 |      19 |       3 |  13.6
        D:5 |     513 |      32 |   5.9 |      23 |       8 |  25.8
        D:6 |     327 |     298 |  47.7 |       8 |       9 |  52.9
        D:7 |    1236 |       0 |   0.0 |      31 |       0 |   0.0
        D:8 |    1502 |       0 |   0.0 |      23 |       0 |   0.0
        D:9 |    1403 |     729 |  34.2 |      27 |       9 |  25.0
       D:10 |    1672 |    1201 |  41.8 |       7 |       2 |  22.2
     Lair:1 |    2242 |     639 |  22.2 |      10 |       5 |  33.3
     Lair:2 |    3175 |    2888 |  47.6 |       9 |      41 |  82.0
     Lair:3 |     865 |     731 |  45.8 |       8 |       2 |  20.0
            +---------+---------+-------+---------+---------+-------
